 Dungeon Crawl Stone Soup version 0.18.1-6-gd335043 (webtiles) character file.

23839 GordonOverkill the Thaumaturge (level 12, -8/101 HPs)
             Began as a Black Draconian Fire Elementalist on May 17, 2016.
             Was an Elder of Vehumet.
             Mangled by a komodo dragon (30 damage)
             ... on level 4 of the Lair of Beasts.
             The game lasted 01:45:39 (20139 turns).

GordonOverkill the Thaumaturge (DrFE)              Turns: 20139, Time: 01:45:40

Health: -8/101     AC: 18    Str: 12    XL:     12   Next: 75%
Magic:  6/26       EV: 14    Int: 19    God:    Vehumet [****..]
Gold:   430        SH:  4    Dex:  8    Spells: 8 memorised, 0 levels left

rFire  + + .     SeeInvis .     c - +5 dire flail (protect)
rCold  x . .     Gourm    .     (armour unavailable)
rNeg   + + +     Faith    .     (shield currently unavailable)
rPois  .         Spirit   .     (helmet restricted)
rElec  +         Dismiss  .     D - +2 cloak {+Inv}
rCorr  .         Reflect  +     m - +0 pair of gloves
SustAt .         Harm     .     h - +0 pair of boots of Shadows and Fog {rF++ rC- rN+++ Dex-4}
MR     .....                    t - +4 amulet of reflection
Stlth  ++........               (no ring)
                                e - ring of positive energy

@: not resistant to hostile enchantments, unstealthy
A: breathe lightning, unfitting armour, electricity resistance, cold-blooded, AC
+8
a: Breathe Lightning, Renounce Religion, Evoke Invisibility


You were on level 4 of the Lair of Beasts.
You worshipped Vehumet.
Vehumet was greatly pleased with you.
You were hungry.

You visited 3 branches of the dungeon, and saw 14 of its levels.
You also visited: Bailey and Volcano.

You collected 638 gold pieces.
You spent 208 gold pieces at shops.

Inventory:

Hand Weapons
 c - a +5 dire flail of protection (weapon)
Armour
 h - the +0 pair of boots of Shadows and Fog (worn) {rF++ rC- rN+++ Dex-4}
   (You found it on level 3 of the Lair of Beasts)

   It affects your dexterity (-4).
   It greatly protects you from fire.
   It makes you vulnerable to cold.
   It renders you almost immune to negative energy.
 m - a +0 pair of gloves (worn)
 D - a +2 cloak of invisibility (worn)
Jewellery
 e - a ring of positive energy (left hand)
 t - a +4 amulet of reflection (around neck)
Wands
 n - a wand of digging (20/24)
 F - a wand of lightning (7/15)
Scrolls
 f - a scroll of blinking
 l - 3 scrolls of remove curse
 y - 2 scrolls of fear
 C - 4 scrolls of amnesia
 I - a scroll of recharging
Potions
 i - 3 potions of agility
 k - 4 potions of curing
 u - a potion of flight
 x - a potion of brilliance
 A - 2 potions of might
 B - a potion of invisibility
 J - a potion of haste
 M - a potion of berserk rage
Comestibles
 b - 6 bread rations
 d - 3 beef jerkies
 z - a meat ration
 E - 2 royal jellies
 H - a slice of pizza


   Skills:
 - Level 8.0 Fighting
 - Level 7.0 Dodging
 - Level 2.1 Stealth
 - Level 10.0 Spellcasting
 - Level 10.0 Conjurations
 - Level 6.0 Charms
 - Level 8.0 Fire Magic
 - Level 7.0 Ice Magic
 + Level 2.6 Evocations


You couldn't memorise any spells.
You knew the following spells:

 Your Spells              Type           Power        Failure   Level  Hunger
a - Flame Tongue          Conj/Fire      #####        1%          1    None
b - Conjure Flame         Conj/Fire      #####...     1%          3    None
c - Sticky Flame          Conj/Fire      #####...     1%          4    ##.....
d - Fireball              Conj/Fire      #####.....   1%          5    #####..
e - Throw Icicle          Conj/Ice       #####...     1%          4    ##.....
f - Iskenderun's Battles  Conj/Chrm      #####...     2%          5    #####..
g - Orb of Destruction    Conj           #####.....   43%         7    #######
h - Delayed Fireball      Conj/Fire      N/A          61%         7    #######


Dungeon Overview and Level Annotations

Branches:
Dungeon (9/15)             Temple (1/1) D:4            Lair (4/8) D:9
  Snake (0/4) Lair:3          Orc (0/2) D:9
  Swamp: Lair:3-6    Shoals: Lair:3-6

Altars:
Ashenzari
Cheibriados
Dithmenos
Elyvilon
Fedhas
Gozag
Kikubaaqudgha
Makhleb
Nemelex Xobeh
Okawaru
Pakellas
Qazlal
Ru
Sif Muna
Trog
Vehumet
Xom
Yredelemnul
Zin
The Shining One

Shops:
D:7 *   D:8 (

Annotations:
D:4 Perunarutto's ghost, amateur TrMo; Sigmund


Innate Abilities, Weirdness & Mutations

You can breathe wild blasts of lightning.
Your glossy black scales are hard (AC +8).
Your body does not fit into most forms of armour.
You are resistant to electric shocks.
You are cold-blooded and may be slowed by cold attacks.


Message History

You don't have enough magic to cast that spell.
Unknown command.
Unknown command.
The crocodile barely misses you. The komodo dragon bites you!!
The crocodile closely misses you.
The komodo dragon hisses menacingly.
The komodo dragon bites you. The komodo dragon bites you!!
* * * LOW HITPOINT WARNING * * *
There is a stone staircase leading up here.
You see here a hydra corpse.
You barely miss the crocodile. The crocodile closely misses you.
The komodo dragon misses you. The crocodile barely misses you.
The crocodile closely misses you.
You hit the crocodile but do no damage.
You tail-slap the crocodile, but do no damage.
The komodo dragon bites you but does no damage.
The crocodile bites you but does no damage.
The komodo dragon bites you!!
You die...

## .P.§ #......
#.#########....
....##.....#
#......#.....§
.?..........
##...........#.
.P.........##
#..............
.P.._..#....
###.......P....#
PP.....#...###.......#.P.#
#.........P#l........#
#........t@t.<.....##
.##.........Pl#......#
........########P###.#
........# ### ###
......P.# .......##
....... ....... l..P###


You could see 2 komodo dragons and 2 crocodiles.

Vanquished Creatures
  Erolcha (D:9)
  A centaur warrior (D:8)
  5 hydras
  4 death yaks (Lair:2)
  A griffon (Lair:3)
  An elephant (D:9)
  A black mamba (Lair:1)
  Maurice (D:9)
  2 gargoyles (Volcano)
  3 komodo dragons (Lair:2)
  An efreet (Volcano)
  2 trolls
  20 yaks
  A basilisk (Lair:4)
  2 hungry ghosts (D:8)
  4 hippogriffs
  Edmund (D:4)
  3 nagas (Lair:3)
  Menkaure (D:6)
  2 water moccasins
  2 hell hounds (Lair:3)
  8 orc warriors
  6 porcupines
  4 black bears
  A sky beast (D:9)
  A wasp (D:9)
  10 ogres
  A phantom (D:4)
  12 wolves
  4 centaurs
  8 crocodiles
  3 big kobolds (D:8)
  10 giant frogs
  5 gnoll sergeants
  2 scorpions
  4 wights (D:6)
  2 howler monkeys
  2 lava snakes (D:7)
  4 crimson imps
  3 quasits
  2 centaur zombies
  2 giant frog zombies
  6 hounds
  2 jellies (D:6)
  7 orc priests
  6 orc wizards
  2 giant frog skeletons
  A centaur skeleton (D:7)
  9 worker ants
  3 iguanas
  2 sheep (D:9)
  A killer bee zombie (D:8)
  2 hound skeletons
  A howler monkey zombie (D:8)
  16 gnolls
  11 adders
  17 river rats
  An ooze (D:6)
  An adder skeleton (D:8)
  2 adder zombies (D:8)
  A worm (D:3)
  5 dart slugs
  2 giant geckos
  43 orcs
  3 ball pythons
  11 bats
  9 giant cockroaches
  12 goblins
  10 hobgoblins
  19 jackals
  7 quokkas
  A giant gecko zombie (D:7)
  7 giant newts
  A jackal skeleton (D:5)
  22 kobolds
  2 quokka skeletons
  10 rats
  A fire vortex (Volcano)
409 creatures vanquished.

Vanquished Creatures (others)
  2 orcs (D:3)
  4 fungi
6 creatures vanquished.

Grand Total: 415 creatures vanquished

Notes
Turn   | Place    | Note
--------------------------------------------------------------
     0 | D:1      | GordonOverkill the Draconian Fire Elementalist began the quest for the Orb.
     0 | D:1      | Reached XP level 1. HP: 14/14 MP: 3/3
   168 | D:1      | Reached XP level 2. HP: 20/20 MP: 1/5
   707 | D:1      | Reached XP level 3. HP: 26/26 MP: 2/6
  1211 | D:1      | Learned a level 3 spell: Conjure Flame
  1676 | D:2      | Reached XP level 4. HP: 33/33 MP: 3/7
  2076 | D:2      | Found a bloodstained altar of Trog.
  2480 | D:3      | Found a shadowy altar of Dithmenos.
  2984 | D:3      | Found an iron altar of Okawaru.
  2985 | D:3      | Found a basalt altar of Yredelemnul.
  3515 | D:4      | Noticed Edmund
  3659 | D:4      | Reached XP level 5. HP: 35/38 MP: 6/8
  3789 | D:4      | Noticed an ogre
  3801 | D:4      | Killed an ogre
  3801 | D:4      | Reached skill level 5 in Fire Magic
  3801 | D:4      | Reached XP level 6. HP: 35/45 MP: 7/9
  4244 | D:3      | Learned a level 4 spell: Sticky Flame
  4683 | D:4      | Noticed Sigmund
  5280 | D:4      | Your scales start taking on a glossy black colour.
  5280 | D:4      | Reached XP level 7. HP: 50/50 MP: 7/11
  5280 | D:4      | Gained mutation: You are resistant to electric shocks. [Black Draconian growth]
  5387 | D:4      | Noticed Perunarutto's ghost (amateur TrMo)
  5414 | D:5      | Entered Level 5 of the Dungeon
  5528 | D:4      | Found a staircase to the Ecumenical Temple.
  5537 | Temple   | Entered the Ecumenical Temple
  5821 | Temple   | Became a worshipper of Vehumet
  5933 | D:4      | Killed Edmund
  5933 | D:4      | Reached skill level 5 in Conjurations
  6028 | D:4      | Found an opulent altar of Gozag.
  6164 | D:5      | Found a burning altar of Makhleb.
  6165 | D:5      | Noticed an Executioner
  6166 | D:5      | Found a glowing silver altar of Zin.
  6167 | D:5      | Noticed an angel
  6809 | D:5      | Reached XP level 8. HP: 25/57 MP: 10/14
  7692 | D:5      | Learned a level 5 spell: Fireball
  7786 | D:6      | Reached * piety under Vehumet
  7786 | D:6      | Offered knowledge of Sting by Vehumet.
  8634 | D:6      | Noticed Menkaure
  8641 | D:6      | Killed Menkaure
  8644 | D:6      | Reached skill level 1 in Fighting
  8714 | D:6      | Reached XP level 9. HP: 67/67 MP: 7/15
  9408 | D:7      | Reached ** piety under Vehumet
  9408 | D:7      | Reached skill level 5 in Spellcasting
  9415 | D:7      | Learned a level 4 spell: Throw Icicle
  9493 | D:7      | Reached skill level 1 in Ice Magic
  9619 | D:7      | Found Lytoydwo's Assorted Antiques.
  9643 | D:7      | Bought a scroll labeled OSKA YBLOPP for 32 gold pieces
  9643 | D:7      | Bought a scroll labeled QEMUTS NELAORENKU for 32 gold pieces
  9643 | D:7      | Bought an embroidered cloak for 144 gold pieces
  9744 | D:7      | Offered knowledge of Sandblast by Vehumet.
  9792 | D:8      | Reached skill level 5 in Ice Magic
 10055 | D:8      | Found a flagged portal.
 10066 | Bailey   | Entered a bailey
 10232 | Bailey   | Identified the Compendium of Darkness and Fire
 10267 | Bailey   | Offered knowledge of Stone Arrow by Vehumet.
 10456 | D:8      | Reached *** piety under Vehumet
 10844 | D:8      | Reached skill level 5 in Fighting
 10844 | D:8      | Reached XP level 10. HP: 78/81 MP: 10/17
 11055 | D:8      | Offered knowledge of Force Lance by Vehumet.
 11087 | D:8      | Noticed a centaur warrior
 11092 | D:8      | Killed a centaur warrior
 11554 | D:8      | Reached **** piety under Vehumet
 11745 | D:8      | Found Foschidi's Weapon Boutique.
 12215 | D:9      | Found a staircase to the Orcish Mines.
 13254 | D:8      | Reached skill level 5 in Dodging
 13316 | D:8      | Offered knowledge of Dazzling Spray by Vehumet.
 13625 | D:9      | Noticed Erolcha
 13637 | D:9      | Killed Erolcha
 13637 | D:9      | Reached XP level 11. HP: 76/94 MP: 12/18
 13722 | D:9      | Found a shimmering altar of Xom.
 13826 | D:9      | Found a staircase to the Lair.
 14147 | D:9      | Found a sacrificial altar of Ru.
 14436 | D:9      | Noticed Maurice
 14446 | D:9      | Killed Maurice
 14660 | D:9      | Found a deep blue altar of Sif Muna.
 14845 | Lair:1   | Entered Level 1 of the Lair of Beasts
 15154 | Lair:1   | Identified the Reference Book on Protection and the Escort
 15228 | Lair:1   | Noticed a five-headed hydra
 15505 | D:9      | Killed a five-headed hydra
 15566 | Lair:1   | Noticed an eight-headed hydra
 15589 | Lair:1   | Killed an eight-headed hydra
 15955 | Lair:1   | Got a fine dagger
 15956 | Lair:1   | Identified the +4 dagger of Misery {antimagic, MP+9 Str-4 Dex+2} (You found it on level 1 of the Lair of Beasts)
 16023 | Lair:1   | Learned a level 5 spell: Iskenderun's Battlesphere
 16377 | Lair:1   | Noticed a seven-headed hydra
 16401 | Lair:1   | Killed a seven-headed hydra
 16509 | Lair:2   | Noticed an eight-headed hydra
 16537 | Lair:1   | Killed an eight-headed hydra
 16774 | Lair:2   | Reached XP level 12. HP: 91/101 MP: 22/25
 16779 | Lair:2   | Reached skill level 10 in Spellcasting
 16804 | Lair:2   | Reached skill level 1 in Charms
 16987 | Lair:2   | Learned a level 7 spell: Orb of Destruction
 17409 | Lair:2   | Noticed a death yak
 17410 | Lair:2   | Noticed a death yak
 17411 | Lair:2   | Noticed a death yak
 17411 | Lair:2   | Noticed a death yak
 17432 | Lair:2   | Killed a death yak
 17432 | Lair:2   | Reached ***** piety under Vehumet
 17438 | Lair:2   | Killed a death yak
 17447 | Lair:2   | Killed a death yak
 17447 | Lair:2   | Reached skill level 5 in Charms
 17448 | Lair:2   | HP: 5/101 [shot self (2)]
 17463 | Lair:2   | Killed a death yak
 17523 | Lair:2   | Offered knowledge of Poisonous Cloud by Vehumet.
 18240 | Lair:3   | Found a dark tunnel.
 18358 | Volcano  | Entered a volcano
 19427 | Lair:3   | Got a pair of bloodstained boots
 19443 | Lair:3   | Identified the cursed +0 pair of boots of Shadows and Fog {rF++ rC- rN+++ Dex-4} (You found it on level 3 of the Lair of Beasts)
 19451 | Lair:3   | Found a staircase to the Snake Pit.
 19476 | Lair:3   | Reached skill level 10 in Conjurations
 20024 | Lair:1   | Learned a level 7 spell: Delayed Fireball
 20100 | Lair:4   | Found a shattered altar of Ashenzari.
 20103 | Lair:4   | Noticed a five-headed hydra
 20115 | Lair:4   | Killed a five-headed hydra
 20139 | Lair:4   | Mangled by a komodo dragon

Skill      XL: |  1  2  3  4  5  6  7  8  9 10 11 12 |
---------------+-------------------------------------+-----
Conjurations   | 2 3 4 6 8 10 | 10.0
Fire Magic     | 4 5 6 8 |  8.0
Spellcasting   | 3 4 5 9 10 | 10.0
Fighting       | 1 5 8 |  8.0
Ice Magic      | 6 7 |  7.0
Dodging        | 6 7 |  7.0
Stealth        | 2 |  2.1
Charms         | 6 |  6.0
Evocations     | 2 |  2.6

Action                   |  1- 3 |  4- 6 |  7- 9 | 10-12 || total
-------------------------+-------+-------+-------+-------++-------
Melee: Unarmed           |    11 |       |       |       ||    11
       Tailslap          |     4 |    10 |    27 |    46 ||    87
       Club              |    44 |       |       |       ||    44
       Dagger            |       |    87 |    14 |       ||   101
       Dire flail        |       |       |   266 |   471 ||   737
 Cast: Flame Tongue      |    74 |    88 |    38 |    56 ||   256
       Sticky Flame      |       |     1 |    55 |   135 ||   191
       Conjure Flame     |       |       |     1 |       ||     1
       Throw Icicle      |       |       |     5 |    21 ||    26
       Iskenderun's Batt |       |       |       |     4 ||     4
       Fireball          |       |       |       |     1 ||     1
 Abil: Breathe Lightning |       |       |     1 |     1 ||     2
Evoke: Wand              |       |       |       |     6 ||     6
  Use: Scroll            |     7 |     7 |    10 |     6 ||    30
       Potion            |       |       |     3 |     3 ||     6
 Stab: Sleeping          |       |       |     1 |     2 ||     3
  Eat: Chunk             |     4 |    10 |    21 |    48 ||    83
       Meat ration       |       |     1 |     1 |     1 ||     3
       Pizza             |       |       |     2 |       ||     2
       Fruit             |       |       |     1 |       ||     1
       Beef jerky        |       |       |       |     1 ||     1
Armor: Skin              |    33 |    50 |   185 |   330 ||   598
Dodge: Dodged            |    82 |    92 |   287 |   569 ||  1030
Block: Other             |       |       |       |   160 ||   160
       Reflection        |       |       |       |     4 ||     4
